[ AOE2 MATCH · #505468396 ]
UnrankedShu vs Magyars
Player's team · WIN
Rival team · LOSS
[ REPLAY ANALYSIS · EXTRACTED FROM THE RECORDED GAME ]
Feudal
10:10
Castle
19:30
Imperial
—
| APM avg | 70.5 |
| APM peak | 170 |
| eAPM avg | 35.1 |
| Villagers / military | 48 / 6 |
Focus
⚔️ 46.9% · 🌾 53.1%
Scout Cavalry ×4 · Cavalry Archer ×2
Feudal
8:50
Castle
—
Imperial
—
| APM avg | 54.1 |
| APM peak | 84 |
| eAPM avg | 22.4 |
| Villagers / military | 37 / 3 |
Focus
⚔️ 12.9% · 🌾 87.1%
Spearman ×2 · Scout Cavalry ×1
Match map
Initial resources + every placement click. Lines = walls · curves = elevation contours. ◆ gold · ⬟ stone · ● berries · ✦ relic · ◌ wall gap
Your base· ✓ Closed at 19:30 · 27t walls · 2 gate(s)
游戏而已's base· ✓ Closed at 18:29 · 6t walls · 3 gate(s)
Smoothed initial terrain · ◌ = detected wall gap · hover for details
Inputs per minute
— LowEloNobody - - 游戏而已
Build order — LowEloNobody
116 actions detected in the replay
| 0:00 | Queue | Villager (Male) |
| 0:02 | Build | House |
| 0:03 | Build | House |
| 0:16 | Queue | Villager (Male) |
| 0:31 | Queue | Villager (Male) |
| 0:32 | Queue | Villager (Male) |
| 1:25 | Queue | Villager (Male) |
| 1:46 | Research | Loom |
| 1:51 | Build | Lumber Camp |
| 1:59 | Queue | Villager (Male) |
| 2:19 | Queue | Villager (Male) |
| 2:20 | Queue | Villager (Male) |
| 2:45 | Queue | Villager (Male) |
| 3:16 | Queue | Villager (Male) |
| 3:27 | Build | House |
| 3:34 | Queue | Villager (Male) |
| 3:51 | Queue | Villager (Male) |
| 3:55 | Queue | Villager (Male) |
| 4:20 | Queue | Villager (Male) |
| 4:56 | Queue | Villager (Male) |
| 5:02 | Build | Mill |
| 5:28 | Queue | Villager (Male) |
| 5:50 | Queue | Villager (Male) |
| 5:57 | Queue | Villager (Male) |
| 5:58 | Build | House |
| 6:04 | Build | Farm |
| 6:14 | Queue | Villager (Male) |
| 6:20 | Build | Lumber Camp |
| 6:27 | Queue | Villager (Male) |
| 6:36 | Queue | Villager (Male) |
| 6:45 | Queue | Villager (Male) |
| 6:57 | Queue | Villager (Male) |
| 7:14 | Queue | Villager (Male) |
| 7:23 | Research | Loom |
| 7:36 | Research | Feudal Age |
| 8:19 | Build | Mining Camp |
| 9:05 | Queue | Villager (Male) |
| 9:13 | Build | House |
| 9:19 | Build | Palisade Wall |
| 9:19 | Queue | Villager (Male) |
| 9:22 | Build | Palisade Wall |
| 9:29 | Build | Palisade Wall |
| 9:31 | Build | Palisade Wall |
| 9:34 | Build | Palisade Wall |
| 9:36 | Build | Palisade Wall |
| 10:10 | Age | Feudal Age |
| 10:11 | Queue | Villager (Male) |
| 10:14 | Build | Blacksmith |
| 10:18 | Build | Stone Wall |
| 10:30 | Queue | Villager (Male) |
| 10:47 | Build | Market |
| 10:47 | Queue | Villager (Male) |
| 10:55 | Build | Watch Tower |
| 10:56 | Research | Fletching |
| 10:56 | Research | Fletching |
| 11:05 | Research | Double-Bit Axe |
| 11:23 | Build | Mining Camp |
| 11:26 | Queue | Villager (Male) |
| 11:33 | Build | Palisade Wall |
| 11:50 | Queue | Villager (Male) |
| 12:00 | Queue | Villager (Male) |
| 12:10 | Research | Horse Collar |
| 12:14 | Build | House |
| 12:17 | Build | House |
| 12:17 | Build | House |
| 12:23 | Queue | Villager (Male) |
| 12:33 | Build | Farm |
| 12:36 | Build | Farm |
| 12:39 | Build | Farm |
| 12:56 | Build | Farm |
| 13:07 | Queue | Villager (Male) |
| 13:15 | Build | Farm |
| 13:25 | Build | Watch Tower |
| 13:27 | Queue | Villager (Male) |
| 13:36 | Queue | Villager (Male) |
| 13:44 | Queue | Villager (Male) |
| 13:46 | Build | Farm |
| 13:48 | Build | Farm |
| 13:49 | Queue | Villager (Male) |
| 14:17 | Queue | Villager (Male) |
| 14:22 | Build | Palisade Wall |
| 14:24 | Queue | Villager (Male) |
| 14:28 | Build | Farm |
| 14:42 | Build | Farm |
| 14:52 | Build | Farm |
| 15:19 | Queue | Villager (Male) |
| 15:36 | Queue | Villager (Male) |
| 15:52 | Queue | Villager (Male) |
| 15:54 | Queue | Villager (Male) |
| 16:05 | Queue | Villager (Male) |
| 16:12 | Queue | Villager (Male) |
| 16:20 | Queue | Villager (Male) |
| 16:50 | Research | Castle Age |
| 16:50 | Research | Castle Age |
| 17:12 | Build | Stone Wall |
| 17:16 | Build | Stone Wall |
| 17:21 | Build | Barracks |
| 17:33 | Build | Farm |
| 17:39 | Build | Outpost |
| 17:43 | Build | House |
| 17:46 | Build | Palisade Wall |
| 17:47 | Build | Palisade Wall |
| 17:51 | Build | Stable |
| 17:52 | Research | Forging |
| 18:10 | Build | Archery Range |
| 18:12 | Queue | Scout Cavalry |
| 18:12 | Queue | Scout Cavalry |
| 18:36 | Queue | Scout Cavalry |
| 18:54 | Queue | Scout Cavalry |
| 19:01 | Build | Farm |
| 19:08 | Queue | Villager (Male) |
| 19:30 | Age | Castle Age |
| 19:33 | Build | Monastery |
| 19:35 | Queue | Cavalry Archer |
| 19:35 | Queue | Cavalry Archer |
| 19:42 | Research | Bodkin Arrow |
Build order — 游戏而已
92 actions detected in the replay
| 0:00 | Queue | Villager (Male) |
| 0:01 | Queue | Villager (Male) |
| 0:01 | Queue | Villager (Male) |
| 0:01 | Queue | Villager (Male) |
| 0:02 | Build | House |
| 0:05 | Build | House |
| 1:35 | Queue | Villager (Male) |
| 2:08 | Queue | Villager (Male) |
| 2:13 | Build | House |
| 2:15 | Build | House |
| 2:33 | Queue | Villager (Male) |
| 2:34 | Queue | Villager (Male) |
| 2:41 | Build | Lumber Camp |
| 2:54 | Queue | Villager (Male) |
| 3:16 | Queue | Villager (Male) |
| 3:39 | Queue | Villager (Male) |
| 4:07 | Queue | Villager (Male) |
| 4:36 | Queue | Villager (Male) |
| 4:36 | Queue | Villager (Male) |
| 4:56 | Queue | Villager (Male) |
| 5:20 | Build | Mill |
| 5:22 | Queue | Villager (Male) |
| 5:46 | Queue | Villager (Male) |
| 6:40 | Research | Feudal Age |
| 7:31 | Research | Loom |
| 8:21 | Build | Barracks |
| 8:34 | Build | Mining Camp |
| 8:50 | Age | Feudal Age |
| 8:56 | Build | Watch Tower |
| 9:07 | Research | Double-Bit Axe |
| 9:08 | Queue | Villager (Male) |
| 9:29 | Build | House |
| 9:30 | Queue | Villager (Male) |
| 9:58 | Queue | Villager (Male) |
| 10:30 | Queue | Villager (Male) |
| 10:57 | Queue | Villager (Male) |
| 11:02 | Build | Mining Camp |
| 11:06 | Research | Horse Collar |
| 11:07 | Research | Horse Collar |
| 11:20 | Build | Blacksmith |
| 11:21 | Build | House |
| 11:27 | Queue | Villager (Male) |
| 11:42 | Queue | Villager (Male) |
| 12:15 | Build | Farm |
| 12:15 | Queue | Villager (Male) |
| 12:23 | Build | Farm |
| 12:28 | Build | Farm |
| 12:30 | Build | House |
| 12:45 | Build | Farm |
| 12:49 | Build | Farm |
| 12:59 | Queue | Villager (Male) |
| 13:15 | Build | Farm |
| 13:39 | Build | Watch Tower |
| 13:56 | Queue | Villager (Male) |
| 14:01 | Build | Palisade Wall |
| 14:02 | Build | Palisade Wall |
| 14:02 | Build | Palisade Wall |
| 14:07 | Build | Mill |
| 14:14 | Queue | Villager (Male) |
| 14:25 | Build | Palisade Wall |
| 14:37 | Build | Watch Tower |
| 14:40 | Queue | Villager (Male) |
| 14:58 | Queue | Villager (Male) |
| 15:16 | Queue | Villager (Male) |
| 15:58 | Queue | Villager (Male) |
| 16:25 | Queue | Villager (Male) |
| 16:39 | Build | House |
| 16:50 | Build | Farm |
| 16:50 | Build | Farm |
| 16:53 | Queue | Villager (Male) |
| 17:04 | Build | Palisade Wall |
| 17:06 | Queue | Villager (Male) |
| 17:10 | Build | Palisade Wall |
| 17:21 | Build | Market |
| 17:26 | Build | Farm |
| 17:27 | Queue | Villager (Male) |
| 17:50 | Build | Farm |
| 17:52 | Queue | Villager (Male) |
| 18:12 | Build | Farm |
| 18:29 | Research | Castle Age |
| 18:30 | Research | Castle Age |
| 18:30 | Research | Castle Age |
| 18:33 | Build | Stable |
| 18:44 | Research | Gold Mining |
| 18:44 | Research | Gold Mining |
| 18:58 | Queue | Spearman |
| 19:19 | Build | Palisade Wall |
| 19:21 | Build | Palisade Wall |
| 19:23 | Build | Palisade Wall |
| 19:24 | Build | Palisade Wall |
| 19:26 | Queue | Scout Cavalry |
| 19:32 | Queue | Spearman |
Match timeline
| 8:21 | 游戏而已 · first_building Barracks |
| 8:50 | 游戏而已 · age_up feudal |
| 9:19 | LowEloNobody · wall_segment Palisade Wall x7 |
| 9:22 | LowEloNobody · wall_segment Palisade Wall x5 |
| 9:29 | LowEloNobody · wall_segment Palisade Wall x1 |
| 9:31 | LowEloNobody · wall_segment Palisade Wall x1 |
| 9:34 | LowEloNobody · wall_segment Palisade Wall x1 |
| 9:36 | LowEloNobody · wall_segment Palisade Wall x7 |
| 10:10 | LowEloNobody · age_up feudal |
| 10:18 | LowEloNobody · wall_segment Stone Wall x1 |
| 11:33 | LowEloNobody · wall_segment Palisade Wall x1 |
| 11:39 | LowEloNobody · first_market_buy 100 food |
| 14:01 | 游戏而已 · wall_segment Palisade Wall x1 |
| 14:02 | 游戏而已 · wall_segment Palisade Wall x1 |
| 14:02 | 游戏而已 · wall_segment Palisade Wall x1 |
| 14:22 | LowEloNobody · wall_segment Palisade Wall x1 |
| 14:25 | 游戏而已 · wall_segment Palisade Wall x1 |
| 17:04 | 游戏而已 · wall_segment Palisade Wall x1 |
| 17:10 | 游戏而已 · wall_segment Palisade Wall x1 |
| 17:12 | LowEloNobody · wall_segment Stone Wall x1 |
| 17:16 | LowEloNobody · wall_segment Stone Wall x1 |
| 17:21 | LowEloNobody · first_building Barracks |
| 17:46 | LowEloNobody · wall_segment Palisade Wall x1 |
| 17:47 | LowEloNobody · wall_segment Palisade Wall x1 |
| 17:51 | LowEloNobody · first_building Stable |
| 18:10 | LowEloNobody · first_building Archery Range |
| 18:16 | 游戏而已 · first_market_sell 500 stone |
| 18:16 | 游戏而已 · first_market_buy 100 food |
| 18:33 | 游戏而已 · first_building Stable |
| 19:19 | 游戏而已 · wall_segment Palisade Wall x1 |
| 19:21 | 游戏而已 · wall_segment Palisade Wall x1 |
| 19:23 | 游戏而已 · wall_segment Palisade Wall x1 |
| 19:24 | 游戏而已 · wall_segment Palisade Wall x1 |
| 19:30 | LowEloNobody · age_up castle |
| 19:33 | LowEloNobody · first_building Monastery |
| 19:45 | 游戏而已 · resign |
[ AI ANALYSIS · 1 CREDIT ]
What really happened in this match?
Wolo.gg analyzes every decision: build order, eco, micro, common mistakes by bracket. Personalized analysis on WhatsApp or Discord in 30 seconds.
Civ guide
Shu
Perfil
Jugador #4114146